 Dungeon Crawl Stone Soup version 0.30-a0-964-gd452b5e7fa (webtiles) character file.

Game seed: 3048200388035803059

2127929 jasper the Fire Dragon (level 27, 251/251 HPs)
             Began as a Red Draconian Venom Mage on Mar 30, 2023.
             Was the Champion of Vehumet.
             Escaped with the Orb
             ... and 4 runes!
             The game lasted 02:41:43 (81724 turns).

jasper the Fire Dragon (Red Draconian Venom Mage)  Turns: 81724, Time: 02:41:43

Health: 251/251    AC: 31    Str: 12    XL:     27
Magic:  46/46      EV: 20    Int: 35    God:    Vehumet [******]
Gold:   4733       SH:  6    Dex: 13    Spells: 14/65 levels left

rFire   + + +      SeeInvis .    r - +3 Elemental Staff {rElec rF++ rC++ AC+5}
rCold   + + +      Faith    .    b - +1 buckler of Huaceag {rC+ Will++ Int+4}
rNeg    + . .      Spirit   .    (body armour unavailable)
rPois   .          Reflect  .    E - +2 hat {Int+3}
rElec   +          Rampage  +    G - +4 dragonskin cloak
rCorr   .                        V - +1 pair of gloves of Weightlessness {Will+ Regen+ Int+3}
Will    +++++                    S - +3 pair of mountain boots {steadfast, rC+}
Stlth   +                        i - amulet "Feusm" {Rampage Drain rC+ rN+ Regen+}
HPRegen 2.21/turn                t - ring of fire
MPRegen 0.30/turn                H - ring of fire

@: studying Throwing
A: breathe fire, AC +13, unfitting armour, fire resistance 1, cold-blooded,
antennae 1, weak 1, wild magic 1
0: Orb of Zot
}: 4/15 runes: decaying, serpentine, slimy, silver
a: Breathe Fire, Renounce Religion


You escaped.
You worshipped Vehumet.
Vehumet was exalted by your worship.
You visited 11 branches of the dungeon, and saw 53 of its levels.
You also visited: Volcano.

You collected 10155 gold pieces.
You spent 5422 gold pieces at shops.

Inventory:

Hand Weapons
 r - the +3 Elemental Staff (weapon) {rElec rF++ rC++ AC+5}
   (You bought it in a shop on level 2 of the Orcish Mines)

   It enhances your fire, ice, earth and air magic.
   AC:        It affects your AC (+5).
   rF:        It greatly protects you from fire.
   rC:        It greatly protects you from cold.
   rElec:     It insulates you from electricity.
Missiles
 L - 12 curare-tipped darts
Armour
 b - the +1 buckler of Huaceag (worn) {rC+ Will++ Int+4}
   (You acquired it on level 2 of the Dungeon)

   Int:       It affects your intelligence (+4).
   rC:        It protects you from cold.
   Will:      It greatly increases your willpower.
 k - the +1 cloak "Otze" {*Corrode Fly rPois Dex+5}
   (You bought it in a shop on level 2 of the Orcish Mines)

   Dex:       It affects your dexterity (+5).
   rPois:     It protects you from poison.
   Fly:       It grants you flight.
   *Corrode:  It may corrode you when you take damage.
 E - a +2 hat of intelligence (worn)
 G - the +4 dragonskin cloak (worn)
   (You took it off Tiamat on level 3 of the Realm of Zot)

   Avatar's Aegis: It grants the wearer a chance to resist fire, cold, poison,
   electricity, acid, and negative energy.
 S - the +3 pair of mountain boots (worn) {steadfast, rC+}
   (You bought it in a shop on level 5 of the Vaults)

   Steadfast: It prevents involuntary movement, except for blinking,
   teleportation, or banishment.
   rC:        It protects you from cold.
 V - the +1 pair of gloves of Weightlessness (worn) {Will+ Regen+ Int+3}
   (You found it on level 4 of the Depths)

   Int:       It affects your intelligence (+3).
   Regen:     It increases your rate of health regeneration.
   Will:      It increases your willpower.
Magical Staves
 d - a staff of fire
Jewellery
 i - the amulet "Feusm" (around neck) {Rampage Drain rC+ rN+ Regen+}
   (You took it off an ironbound convoker on level 4 of the Vaults)

   [amulet of regeneration]

   rC:        It protects you from cold.
   rN:        It protects you from negative energy.
   Regen:     It increases your rate of health regeneration.
   Drain:     It drains your maximum health when unequipped.
   Rampage:   It bestows one free step when moving towards enemies.
 t - a ring of fire (left hand)
 u - an amulet of magic regeneration
 z - the ring "Oxoolaill" {rF+ rC+ Int+4}
   (You found it on level 7 of the Dungeon)

   [ring of protection from fire]

   Int:       It affects your intelligence (+4).
   rF:        It protects you from fire.
   rC:        It protects you from cold.
 F - a +6 ring of intelligence
 H - a ring of fire (right hand)
 Q - the ring "Niup" {rPois Int+6 SInv}
   (You bought it in a shop on level 1 of the Vaults)

   [ring of poison resistance]

   Int:       It affects your intelligence (+6).
   rPois:     It protects you from poison.
   SInv:      It lets you see invisible.
 T - a ring of positive energy
Wands
 a - a wand of flame (120)
 v - a wand of digging (5)
 x - a wand of quicksilver (2)
 J - a wand of polymorph (29)
 P - a wand of roots (37)
 Y - a wand of mindburst (9)
Scrolls
 c - 23 scrolls of teleportation
 h - 17 scrolls of immolation
 p - 11 scrolls of fog
 y - 45 scrolls of identify
 A - 13 scrolls of fear
 B - 2 scrolls of amnesia
 D - 3 scrolls of blinking
 K - 2 scrolls of magic mapping
 M - 2 scrolls of torment
 N - 2 scrolls of silence
 W - 6 scrolls of poison
 X - 6 scrolls of summoning
 Z - 12 scrolls of vulnerability
Potions
 e - 2 potions of cancellation
 f - 9 potions of might
 g - 8 potions of flight
 j - 9 potions of attraction
 l - 6 potions of mutation
 n - 8 potions of haste
 o - 14 potions of lignification
 q - 6 potions of brilliance
 s - 14 potions of curing
 w - 5 potions of magic
 C - 12 potions of ambrosia
 I - 6 potions of berserk rage
 O - 7 potions of resistance
 R - 5 potions of invisibility
Miscellaneous
 U - a condenser vane (inert)


   Skills:
 + Level 21.4 Fighting
 - Level 12.0 Staves
 + Level 18.2 Dodging
 - Level 1.7 Stealth
 - Level 4.0 Shields
 + Level 19.9 Spellcasting
 * Level 21.0 Conjurations
 - Level 10.0 Necromancy
 - Level 2.0 Translocations
 - Level 8.0 Transmutations
 O Level 27 Fire Magic
 - Level 6.0 Air Magic
 - Level 7.9 Earth Magic
 - Level 6.0 Poison Magic
 - Level 6.0 Evocations


You had 14 spell levels left.
You knew the following spells:

 Your Spells              Type           Power      Damage    Failure   Level
a - Orb of Destruction    Conj           63%        9d15      1%          7
b - Fire Storm            Conj/Fire      100%       8d25      2%          9
c - Mephitic Cloud        Conj/Pois/Air  100%       N/A       1%          3
d - Blink                 Tloc           100%       N/A       1%          2
e - Statue Form           Tmut/Erth      72%        N/A       10%         6
f - Borgnjor's Vile Clut  Necr/Erth      56%        N/A       1%          5
g - Fireball              Conj/Fire      100%       3d36      1%          5
i - Swiftness             Air            99%        N/A       1%          3
j - Apportation           Tloc           100%       N/A       1%          1
k - Sublimation of Blood  Necr           94%        N/A       1%          2
l - Ignition              Fire           100%       3d25      1%          8

Your spell library contained the following spells:

 Spells                   Type           Power      Damage    Failure   Level
 Chain Lightning          Conj/Air       64%        3d86      75%         9
 Shatter                  Erth           54%        3d41*     100%        9
 Foxfire                  Conj/Fire      100%       2x1d6     1%          1
 Kiss of Death            Conj/Necr      100%       2d13      1%          1
 Magic Dart               Conj           100%       1d8       1%          1
 Necrotise                Necr           100%       1d9       1%          1
 Shock                    Conj/Air       100%       1d9       1%          1
 Sting                    Tmut/Pois      100%       1d8       1%          1
 Cigotuvi's Dreadful Rot  Necr/Pois/Air  100%       N/A       1%          2
 Lesser Beckoning         Tloc           100%       N/A       1%          2
 Passwall                 Tmut/Erth      90%        N/A       1%          2
 Poisonous Vapours        Pois/Air       100%       N/A       1%          2
 Scorch                   Fire           100%       2d10      1%          2
 Searing Ray              Conj           100%       2d8       1%          2
 Static Discharge         Conj/Air       100%       2-7/arc   1%          2
 Frozen Ramparts          Ice            100%       1d16      1%          3
 Ignite Poison            Fire/Tmut/Pois 100%       N/A       1%          3
 Inner Flame              Hex/Fire       100%       N/A       1%          3
 Kindle Blastsparks       Fire/Tloc/Air  100%       2d18      1%          3
 Spider Form              Tmut/Pois      83%        N/A       1%          3
 Stone Arrow              Conj/Erth      100%       3d13      1%          3
 Vampiric Draining        Necr           94%        2d12      1%          3
 Vhi's Electric Charge    Tloc/Air       100%       N/A       1%          3
 Airstrike                Air            49%        2d(8-24)  1%          4
 Dispel Undead            Necr           94%        3d30      1%          4
 Flame Wave               Conj/Fire      100%       2d21      1%          4
 Fulminant Prism          Conj/Hex       48%        3d21      1%          4
 Iskenderun's Mystic Bla  Conj/Tloc      100%       2d19      1%          4
 Olgreb's Toxic Radiance  Pois           79%        N/A       1%          4
 Petrify                  Tmut/Erth      100%       N/A       1%          4
 Sticky Flame             Conj/Fire      100%       2d11      1%          4
 Arcjolt                  Conj/Air       64%        1d74      1%          5
 Freezing Cloud           Conj/Ice/Air   68%        6-21      1%          5
 Irradiate                Conj/Tmut      54%        3d29      1%          5
 Iskenderun's Battlesphe  Conj           100%       2d15      1%          5
 Lee's Rapid Deconstruct  Erth           54%        3d25*     1%          5
 Plasma Beam              Fire/Air       95%        2x1d83    1%          5
 Conjure Ball Lightning   Conj/Air       64%        3x3d23    1%          6
 Iron Shot                Conj/Erth      66%        9d12      1%          6
 Starburst                Conj/Fire      100%       6d25      1%          6
 Slow                     Hex            100%       N/A       2%          1
 Summon Small Mammal      Summ           100%       N/A       2%          1
 Blade Hands              Tmut           43%        N/A       2%          5
 Yara's Violent Unravell  Hex/Tmut       35%        3d14      2%          5
 Call Imp                 Summ           45%        N/A       3%          2
 Ensorcelled Hibernation  Hex/Ice        100%       N/A       3%          2
 Gell's Gravitas          Tloc           59%        N/A       3%          3
 Teleport Other           Tloc           59%        N/A       3%          3
 Portal Projectile        Hex/Tloc       100%       N/A       4%          3
 Ice Form                 Ice/Tmut       89%        N/A       4%          4
 Leda's Liquefaction      Hex/Erth       44%        N/A       4%          4
 Eringya's Noxious Bog    Tmut/Pois      41%        N/A       4%          6
 Spellforged Servitor     Conj/Summ      48%        N/A       5%          7
 Call Canine Familiar     Summ           45%        N/A       6%          3
 Confusing Touch          Hex            45%        N/A       6%          3
 Ozocubu's Armour         Ice            61%        N/A       6%          3
 Summon Guardian Golem    Hex/Summ       45%        N/A       6%          3
 Tukima's Dance           Hex            45%        N/A       6%          3
 Manifold Assault         Tloc           59%        N/A       8%          4
 Passage of Golubria      Tloc           59%        N/A       8%          4
 Lehudib's Crystal Spear  Conj/Erth      66%        10d15     8%          8
 Silence                  Hex/Air        41%        N/A       14%         5
 Cause Fear               Hex            22%        N/A       17%         4
 Summon Ice Beast         Ice/Summ       61%        N/A       17%         4
 Summon Forest            Summ/Tloc      26%        N/A       30%         5
 Simulacrum               Ice/Necr       47%        N/A       30%         6
 Metabolic Englaciation   Hex/Ice        30%        N/A       41%         5
 Summon Mana Viper        Hex/Summ       45%        N/A       41%         5
 Storm Form               Tmut/Air       52%        N/A       56%         7
 Dispersal                Tloc           29%        N/A       69%         6
 Borgnjor's Revivificati  Necr           47%        N/A       83%         8
 Summon Cactus Giant      Summ           22%        N/A       91%         6
 Ozocubu's Refrigeration  Ice            30%        4d14      93%         7
 Monstrous Menagerie      Summ           22%        N/A       100%        7
 Summon Hydra             Summ           22%        N/A       100%        7
 Discord                  Hex            22%        N/A       100%        8
 Disjunction              Tloc           29%        N/A       100%        8
 Polar Vortex             Ice            30%        N/A       100%        9
 Animate Armour           Summ/Erth      Unusable   N/A       N/A         4

Dungeon Overview and Level Annotations

Branches:
Dungeon (15/15)            Temple (1/1) D:7            Lair (5/5) D:10
  Swamp (4/4) Lair:3        Snake (4/4) Lair:3        Slime (5/5) Lair:4
    Orc (2/2) D:9             Elf (3/3) Orc:2        Vaults (5/5) D:14
  Crypt (0/3) Vaults:3     Depths (4/4) D:15            Zot (5/5) Depths:4
Volcano (visited)

Altars:
Dithmenos
Elyvilon
Fedhas
Gozag
Hepliaklqana
Kikubaaqudgha
Makhleb
Nemelex Xobeh
Okawaru
Qazlal
Ru
Sif Muna
Trog
Uskayaw
Vehumet
Xom
Yredelemnul
Zin
The Shining One
Jiyva
Lugonu

Shops:
D:9 *   D:12 *   D:14 !   Orc:2 [=(:(   Elf:1 *   Elf:2 [*   Elf:3 :
Snake:1 **   Snake:3 [[:*   Snake:4 ?   Vaults:1 =   Vaults:5 [   Depths:2 :==

Portals:
Hell: Depths:1 Depths:2 Depths:3 Depths:4
Abyss: D:3 Depths:3 Depths:4
Pandemonium: Depths:2
Ziggurat: Depths:4

Annotations:
D:4 2 transporters, Palms's ghost, weakling DsWr
D:12 2 transporters, Chaicat's ghost, journeyman MiBe
Lair:4 2 transporters
Elf:2 3 runed translucent doors
Elf:3 Mara
Depths:2 3 runed translucent doors, Rofut's ghost, adept AtIE
Zot:2 1 runed translucent door, cforsyth's ghost, legendary FoFi


Innate Abilities, Weirdness & Mutations

You can breathe blasts of fire.
Your fiery red scales are hard. (AC +13)
You cannot fit into any form of body armour.
Your flesh is heat resistant. (rF+)
You are cold-blooded and may be slowed by cold attacks.
You have a pair of small antennae on your head.
You are weak. (Str -2)
Your spells are a little harder to cast, but a little more powerful.


Message History

There is a stone staircase leading down here.
A hellion comes into view.
MP restored: 46
Aiming: Fire Storm (dangerous; 2% risk of failure)
Press: ? - help, Q - select action, (/) - cycle Dir - move target, f - hellion
Aim: a hellion You feel a huge surge of power!
You miscast Fire Storm.
You are very lightly contaminated with residual magic.
Nothing appears to happen.
You now have 37/46 mp.
Aiming: Fire Storm (dangerous; 2% risk of failure)
Press: ? - help, Q - select action, (/) - cycle Dir - move target, f/p - hellion
Aim: a hellion You feel a huge surge of power!
A raging storm of fire appears!
The great blast of fire engulfs the hellion!!!!
You kill the hellion!
Vehumet accepts your kill.
You feel your power returning.
You now have 29/46 mp.
(D) Dungeon (T) Temple (L) Lair (S) Swamp (P) Snake Pit (M) Slime Pits (O) Orcish Mines (E) Elven Halls (V) Vaults (C) Crypt (U) Depths (H) Hell (Z) Zot
Where to? (Enter - D:1, ? - help)
Your magical contamination has completely faded away.
There is a stone staircase leading up here.
You climb upwards.
There is a stone staircase leading down here.
There is a stone staircase leading up here.
You climb upwards.
There is a stone staircase leading down here.
You regained 10 mp, and now have 39/46 mp.
There is a large open door here.
Magic restored.
There is a large open door here.
A hell hound comes into view.
MP restored: 46
There is a large open door here.
There is a staircase leading out of the dungeon here.
You have escaped!

......#~.#~..........~#.~........
....###~.#~~~~~..~~~~~#.~.#######
....# #~.######h'######.~.#######
....# #~.#§§§........§#.~.......#
....# #~.#≈§§≈≈..≈≈≈≈§#.~######..
....# #~.#≈≈≈≈≈..≈≈≈§≈#.~####....
...## #~.#§...........#.~##......
#### #~.######''######.~##...)..
#~8#......@.....#8~##...#..
#~.##############.~##..)#..
#~..8..........8..~##...#..
#~~~~~~~~~~~~~~~~~~##...#..
#####################...###
#...... #...###
##############...##
#.................##


You could see a hell hound.

Vanquished Creatures
  the Royal Jelly (Slime:5)
  A pandemonium lord (Zot:1)
  8 dread liches
  Tiamat (Zot:3)
  2 ancient liches (Zot:5)
  8 orbs of fire
  Mennas (Vaults:5)
  A juggernaut (Depths:2)
  Sojobo (Vaults:4)
  3 Killer Klowns (Zot:5)
  Saint Roka (Snake:4)
  Margery (Vaults:5)
  Vashnia (Snake:4)
  3 shard shrikes
  3 curse toes
  3 golden dragons
  5 caustic shrikes (Depths:4)
  Nikola (Snake:3)
  Jory (Depths:4)
  3 electric golems
  A bone dragon (Depths:4)
  13 tentacled monstrosities
  4 liches
  2 Ice Fiends
  Jorgrun (Elf:1)
  2 walking crystal tomes
  20 Orb Guardians
  Asterion (Snake:3)
  A titan (Vaults:5)
  21 acid blobs
  A deep elf blademaster (Elf:3)
  6 sphinxes
  7 quicksilver dragons
  2 deep elf master archers (Elf:3)
  2 Executioners
  Gastronok (D:8)
  6 tengu reavers
  The ghost of Guoplah the Executioner, an adept HOFi of Okawaru (Snake:1)
  11 death cobs
  3 thorn hunters (Swamp:3)
  Kirke (Swamp:2)
  Donald (Snake:4)
  15 storm dragons
  7 azure jellies
  4 draconian monks
  13 shadow dragons
  9 rockslimes
  5 nagarajas (Snake:4)
  5 fire giants
  12 frost giants
  7 draconian knights
  Aizul (Snake:4)
  7 deep elf sorcerers (Elf:3)
  20 vault wardens
  2 iron dragons (Vaults:5)
  13 ironbound preservers
  3 ghouls (Swamp:3)
  7 draconian scorchers
  Louise (Swamp:3)
  2 ghost moths
  7 draconian shifters
  A deep elf elementalist (Elf:3)
  4 draconian stormcallers
  A juggernaut zombie (D:15)
  8 draconian annihilators
  3 orc warlords
  11 quicksilver oozes
  16 very ugly things
  4 war gargoyles
  2 spriggan defenders (Depths:2)
  8 deep elf demonologists
  22 stone giants
  5 ironbound thunderhulks
  5 vampire knights
  6 eleionomae
  8 white draconians
  13 green draconians
  12 yellow draconians
  A spark wasp (Depths:2)
  29 dire elephants
  A lorocyproca (Depths:2)
  7 deep elf annihilators
  14 purple draconians
  A bunyip (shapeshifter) (Vaults:5)
  12 red draconians
  4 bunyips
  12 black draconians
  17 ettins
  5 deep elf death magi
  11 yaktaur captains
  11 fire dragons
  An ettin (shapeshifter) (Depths:1)
  8 deep elf high priests
  14 ice dragons
  6 shambling mangroves
  3 jiangshi (Depths:4)
  3 entropy weavers
  11 great orbs of eyes
  A caustic shrike simulacrum (Depths:3)
  41 vault guards
  5 rakshasas
  17 anacondas
  An anaconda (shapeshifter) (Depths:4)
  2 salamander tyrants
  19 hydras
  A catoblepas (Lair:5)
  2 spriggan air magi
  8 centaur warriors
  7 ironbound frosthearts
  6 ogre magi
  4 ghost crabs
  A peacekeeper (Vaults:3)
  4 deep troll shamans
  6 alligators
  2 tengu warriors
  20 two-headed ogres
  5 boulder beetles
  16 dancing weapons
  A shock serpent (shapeshifter) (Depths:4)
  6 deep troll earth magi
  2 orc high priests
  3 death yaks (Lair:5)
  8 spriggan berserkers
  A vampire mage (Depths:2)
  A soul eater (Depths:2)
  18 naga warriors
  11 shock serpents
  7 hell knights
  Sonja (D:11)
  21 naga sharpshooters
  16 deep elf knights
  A sun demon (Zot:5)
  8 iron trolls
  Lodul (D:11)
  3 salamander mystics (Snake:4)
  21 spriggans
  7 skeletal warriors (D:15)
  A skyshark (Lair:3)
  49 deep trolls
  A sixfirhy (Depths:2)
  A death drake (Swamp:3)
  10 sea snakes
  8 goliath frogs
  16 ironbound convokers
  27 swamp dragons
  3 flayed ghosts
  6 harpies
  19 deep elf archers
  4 bog bodies
  4 spriggan druids
  5 orc knights
  6 naga ritualists (Snake:4)
  A glowing orange brain (Depths:4)
  8 phantasmal warriors
  A harpy (shapeshifter) (Elf:1)
  36 deep elf pyromancers
  2 obsidian statues
  A steelbarb worm (shapeshifter) (Vaults:5)
  9 wizards
  6 necromancers
  13 lindwurms
  4 cyclopes (D:14)
  8 ugly things
  7 will-o-the-wisps
  32 deep elf zephyrmancers
  3 shining eyes
  12 mana vipers
  An elephant (shapeshifter) (Vaults:5)
  3 manticores
  A manticore (shapeshifter) (D:15)
  A faun (shapeshifter) (D:15)
  An elf zombie (Vaults:1)
  25 moths of wrath
  3 large abominations
  A fire giant skeleton (D:15)
  19 salamanders
  14 elephants
  3 eyes of devastation
  27 naga magi
  A smoke demon (D:10)
  20 vault sentinels
  A titan simulacrum (Depths:3)
  2 water nymphs (shapeshifter) (Vaults:5)
  26 black mambas
  A rust devil (Depths:2)
  2 guardian serpents
  An eye of devastation (shapeshifter) (Vaults:4)
  A gargoyle (D:12)
  4 unseen horrors
  4 molten gargoyles (Elf:1)
  4 kobold demonologists (D:12)
  7 cane toads
  A torpor snail (Lair:2)
  3 rime drakes
  A spriggan zombie (D:15)
  2 hellions
  An ice devil (Depths:2)
  40 yaktaurs
  2 tengu conjurers (Depths:2)
  5 freezing wraiths
  5 komodo dragons
  A spark wasp simulacrum (Depths:3)
  6 bloated husks
  3 meliai (D:15)
  3 red devils
  29 hornets
  5 trolls
  A wind drake (shapeshifter) (Vaults:5)
  A polar bear (Lair:2)
  A queen bee (Lair:3)
  A merfolk (shapeshifter) (Vaults:5)
  Grinder (D:5)
  14 tyrant leeches
  8 blink frogs
  A stone giant simulacrum (Vaults:1)
  10 dream sheep
  12 water elementals
  An air elemental (Elf:1)
  124 slime creatures
  A wraith (D:11)
  45 yaks
  7 wyverns
  12 basilisks
  14 golden eyes
  4 fire elementals
  A human (shapeshifter) (Vaults:5)
  A neqoxec (D:5)
  6 steam dragons
  4 redbacks
  14 vampire mosquitoes
  A human zombie (D:15)
  18 swamp worms
  4 acid dragons
  2 floating eyes (Zot:2)
  56 nagas
  A water moccasin (shapeshifter) (Vaults:5)
  A floating eye (shapeshifter) (Vaults:5)
  A small abomination (Zot:5)
  Duvessa (D:4)
  12 water moccasins
  14 orc warriors
  5 black bears
  8 swamp drakes
  33 ogres
  12 wolves
  2 human skeletons (Vaults:1)
  A phantom (D:6)
  6 centaurs
  3 kobold brigands
  20 bullfrogs
  3 earth elementals
  7 scorpions
  Dowan (D:4)
  20 killer bees
  5 howler monkeys
  6 electric eels
  4 jellies
  2 gnoll boudas
  3 hounds
  A sleepcap (D:6)
  14 orc priests
  Ijyb (D:4)
  Terence (D:2)
  6 iguanas
  21 orc wizards
  Robin (D:2)
  7 adders
  10 gnolls
  A shadow imp (D:6)
  3 white imps
  An ufetubus (D:3)
  4 worms
  7 dart slugs
  76 orcs
  8 bats
  11 endoplasms
  2 giant cockroaches
  13 goblins
  9 hobgoblins
  9 jackals
  3 quokkas
  11 ball pythons
  3 frilled lizards
  42 kobolds
  10 rats
  A fire vortex (Depths:1)
2297 creatures vanquished.

Vanquished Creatures (collateral kills)
  A Killer Klown (Zot:5)
  2 golden dragons
  A pandemonium lord (Zot:5)
  3 tentacled monstrosities
  8 Orb Guardians (Zot:5)
  2 quicksilver dragons
  A storm dragon (Zot:3)
  2 draconian monks
  A frost giant (Depths:2)
  2 very ugly things
  2 draconian annihilators (Zot:3)
  3 black draconians
  A red draconian (Zot:2)
  3 yellow draconians (Zot:2)
  3 purple draconians (Zot:3)
  A vampire mage (Depths:4)
  A deep troll (Depths:3)
  An ugly thing (Depths:3)
  2 moths of wrath
40 creatures vanquished.

Vanquished Creatures (others)
  A sun demon (Zot:1)
  A salamander mystic (Snake:4)
  A black mamba (Snake:1)
  A bloated husk (Swamp:3)
  A kobold brigand (D:8)
  A briar patch (Swamp:3)
  434 fire vortices
  8 foxfires
  50 fungi
  71 plants
  5 withered plants (D:15)
574 creatures vanquished.

Grand Total: 2911 creatures vanquished

Notes
Turn   | Place    | Note
-------+----------+-------------------------------------------
     0 | D:1      | jasper the Draconian Venom Mage began the quest for the
                  | Orb.
     0 | D:1      | Reached XP level 1. HP: 14/14 MP: 3/3
    95 | D:1      | Reached XP level 2. HP: 22/22 MP: 0/5
    98 | D:1      | Learned a level 2 spell: Poisonous Vapours
   501 | D:1      | Reached skill level 1 in Fighting
   853 | D:1      | Reached XP level 3. HP: 28/28 MP: 2/6
   857 | D:1      | Learned a level 3 spell: Mephitic Cloud
  1125 | D:2      | Reached skill level 1 in Air Magic
  1363 | D:2      | Noticed Robin
  1383 | D:2      | Reached XP level 4. HP: 17/35 MP: 0/7
  1401 | D:2      | Killed Robin
  1753 | D:2      | Found a burning altar of Makhleb.
  2203 | D:2      | Noticed Terence
  2246 | D:2      | Killed Terence
  2247 | D:2      | Reached skill level 1 in Conjurations
  2247 | D:2      | Reached XP level 5. HP: 40/40 MP: 0/8
  2463 | D:2      | Identified a scroll of acquirement
  2463 | D:2      | Acquired the +1 buckler of Huaceag {rC+ Will++ Int+4}
  2616 | D:3      | Learned a level 2 spell: Blink
  2902 | D:3      | Found a large runed translucent door.
  2903 | D:3      | Found a large runed translucent door.
  2909 | D:3      | Found a corrupted altar of Lugonu.
  3030 | D:3      | Found a faded altar of an unknown god.
  3179 | D:3      | Found a one-way gate to the infinite horrors of the Abyss.
  3284 | D:3      | Found a basalt altar of Yredelemnul.
  3316 | D:3      | Found a hazy altar of Hepliaklqana.
  3317 | D:3      | Found a shadowy altar of Dithmenos.
  3317 | D:3      | Noticed a shadow
  3512 | D:4      | Found a transporter.
  3652 | D:4      | Found a transporter.
  3652 | D:4      | Noticed Palms's ghost (weakling DsWr)
  3879 | D:4      | Noticed Dowan
  3879 | D:4      | Noticed Duvessa
  3896 | D:4      | Killed Duvessa
  3897 | D:4      | Reached skill level 1 in Shields
  3897 | D:4      | Reached XP level 6. HP: 43/48 MP: 1/10
  3910 | D:4      | Killed Dowan
  3911 | D:4      | Reached skill level 1 in Translocations
  4373 | D:4      | Noticed Ijyb
  4390 | D:4      | Killed Ijyb
  4513 | D:5      | Entered Level 5 of the Dungeon
  4546 | D:5      | Your scales start taking on a fiery red colour.
  4546 | D:5      | Reached XP level 7. HP: 51/56 MP: 3/11
  4546 | D:5      | Gained mutation: Your flesh is heat resistant. (rF+) [Red
                  | Draconian growth]
  4551 | D:5      | Learned a level 4 spell: Olgreb's Toxic Radiance
  4565 | D:5      | Reached skill level 5 in Poison Magic
  4781 | D:5      | Noticed Grinder
  4800 | D:5      | Killed Grinder
  4801 | D:5      | Reached XP level 8. HP: 63/66 MP: 3/13
  5218 | D:5      | Identified the +5 halberd of Beogh's Regard {protect, rPois
                  | Dex+3}
  5605 | D:4      | Found a blossoming altar of Fedhas.
  5684 | D:4      | Found a burning altar of Makhleb.
  5862 | D:4      | Found a stormy altar of Qazlal.
  6423 | D:6      | Got the Directory of Orogeny and Vitiation
  6427 | D:6      | Learned a level 2 spell: Cigotuvi's Dreadful Rot
  6737 | D:6      | Reached skill level 5 in Fighting
  7287 | D:7      | Found an opulent altar of Gozag.
  7290 | D:7      | Found a bloodstained altar of Trog.
  7308 | D:7      | Reached skill level 5 in Spellcasting
  7308 | D:7      | Reached XP level 9. HP: 17/74 MP: 10/16
  7525 | D:7      | Found a white marble altar of Elyvilon.
  7525 | D:7      | Found a sacrificial altar of Ru.
  7527 | D:7      | Found a glowing silver altar of Zin.
  7528 | D:7      | Found an ancient bone altar of Kikubaaqudgha.
  7541 | D:7      | Identified the ring "Oxoolaill" {rF+ rC+ Int+4}
  7809 | D:7      | Reached skill level 5 in Dodging
  7996 | D:7      | Found a staircase to the Ecumenical Temple.
  8003 | Temple   | Entered the Ecumenical Temple
  8041 | Temple   | Became a worshipper of Vehumet
  8744 | D:8      | Learned a level 5 spell: Fireball
  8836 | D:8      | Noticed Gastronok
  9108 | D:8      | Killed Gastronok
  9109 | D:8      | Reached skill level 4 in Fire Magic
  9688 | D:8      | Reached XP level 10. HP: 64/84 MP: 8/19
 10206 | D:9      | Reached skill level 5 in Fire Magic
 10208 | D:9      | Reached * piety under Vehumet
 10208 | D:9      | Offered knowledge of Kiss of Death by Vehumet.
 10290 | D:9      | Noticed a two-headed ogre
 10309 | D:9      | Killed a two-headed ogre
 10487 | D:9      | Reached skill level 6 in Fire Magic
 10641 | D:9      | Reached ** piety under Vehumet
 10642 | D:9      | Found a staircase to the Orcish Mines.
 10713 | D:9      | Noticed a two-headed ogre
 10723 | D:9      | Killed a two-headed ogre
 10723 | D:9      | Offered knowledge of Sandblast by Vehumet.
 10724 | D:9      | Reached skill level 7 in Fire Magic
 10743 | D:9      | Noticed a two-headed ogre
 10744 | D:9      | Noticed a two-headed ogre
 10745 | D:9      | Found a hide-covered altar of Uskayaw.
 10769 | D:9      | Killed a two-headed ogre
 10770 | D:9      | Killed a two-headed ogre
 11111 | D:9      | Found Syicuf's General Store.
 11114 | D:9      | Bought a scroll of blinking for 75 gold pieces
 11114 | D:9      | Bought a wand of digging (3) for 126 gold pieces
 11114 | D:9      | Bought a scroll of fear for 40 gold pieces
 11408 | D:9      | Found a shimmering altar of Xom.
 11414 | D:9      | Found a glowing golden altar of the Shining One.
 11417 | D:9      | Found an iron altar of Okawaru.
 11597 | D:10     | Entered Level 10 of the Dungeon
 11652 | D:10     | Reached skill level 8 in Fire Magic
 11652 | D:10     | Reached XP level 11. HP: 94/94 MP: 15/22
 11744 | D:10     | Reached skill level 5 in Conjurations
 11988 | D:10     | You are sucked into a shaft and drop 3 floors!
 11988 | D:13     | Found a bloodstained altar of Trog.
 12177 | D:13     | Noticed a two-headed ogre
 12180 | D:13     | Noticed a centaur warrior
 12195 | D:13     | Killed a two-headed ogre
 12206 | D:13     | Killed a centaur warrior
 12371 | D:13     | Noticed a centaur warrior
 12382 | D:13     | Killed a centaur warrior
 12383 | D:13     | Reached skill level 9 in Fire Magic
 12571 | D:13     | Noticed a cyan ugly thing
 12584 | D:13     | Killed a cyan ugly thing
 12674 | D:11     | Noticed Sonja
 12678 | D:11     | Killed Sonja
 12737 | D:11     | Noticed Lodul
 12752 | D:11     | Offered knowledge of Stone Arrow by Vehumet.
 12761 | D:11     | Killed Lodul
 12790 | D:11     | Reached skill level 10 in Fire Magic
 13825 | D:10     | Reached *** piety under Vehumet
 13973 | D:10     | Found a staircase to the Lair.
 14051 | D:10     | Reached XP level 12. HP: 104/104 MP: 15/24
 14397 | D:10     | Learned a level 3 spell: Stone Arrow
 14435 | Lair:1   | Entered Level 1 of the Lair of Beasts
 14642 | Lair:1   | Learned a level 4 spell: Iskenderun's Mystic Blast
 15281 | Lair:2   | Reached skill level 11 in Fire Magic
 15301 | Lair:2   | Offered knowledge of Ignite Poison by Vehumet.
 15306 | Lair:2   | Learned a level 3 spell: Ignite Poison
 15875 | Lair:2   | Reached **** piety under Vehumet
 15965 | Lair:2   | You are sucked into a shaft and drop 1 floor!
 16086 | Lair:3   | Offered knowledge of Freezing Cloud by Vehumet.
 16087 | Lair:3   | Reached skill level 12 in Fire Magic
 16251 | Lair:3   | Found a staircase to the Snake Pit.
 16259 | Lair:3   | Acquired the amulet "Pupluah" {Acrobat Harm *Corrode *Slow
                  | rC+++}
 16933 | Lair:3   | Found a staircase to the Swamp.
 16949 | Lair:3   | Reached skill level 10 in Fighting
 17431 | Lair:4   | Reached ***** piety under Vehumet
 17432 | Lair:4   | Reached XP level 13. HP: 91/113 MP: 22/26
 17494 | Lair:4   | Found a dark tunnel.
 17514 | Volcano  | Entered a volcano
 17555 | Volcano  | Offered knowledge of Spellforged Servitor by Vehumet.
 17559 | Volcano  | Reached skill level 13 in Fire Magic
 18254 | Lair:4   | Identified the +2 leather armour of the King of the Hill
                  | {rC+ Regen+ SInv}
 18310 | Lair:4   | Learned a level 5 spell: Plasma Beam
 18453 | Lair:4   | Found a transporter.
 18454 | Lair:4   | Found the ring of the Octopus King
 18478 | Lair:4   | Found a transporter.
 18661 | Lair:4   | Found a staircase to the Slime Pits.
 18661 | Lair:4   | Found a viscous altar of Jiyva.
 18871 | Lair:5   | Entered Level 5 of the Lair of Beasts
 19134 | Lair:5   | Reached skill level 14 in Fire Magic
 19821 | Lair:5   | Reached skill level 10 in Spellcasting
 20366 | Lair:5   | Reached XP level 14. HP: 124/124 MP: 9/28
 20520 | Lair:5   | Offered knowledge of Airstrike by Vehumet.
 21741 | Orc:1    | Entered Level 1 of the Orcish Mines
 21744 | Orc:2    | Entered Level 2 of the Orcish Mines
 21744 | Orc:2    | Found a staircase to the Elven Halls.
 21804 | Orc:1    | Reached skill level 15 in Fire Magic
 22116 | Orc:1    | Found Dohib's Armour Shop.
 22819 | Orc:2    | Reached skill level 10 in Dodging
 22830 | Orc:2    | Found Caobrud's Armour Emporium.
 22843 | Orc:2    | Bought the +1 cloak "Otze" {*Corrode Fly rPois Dex+5} for
                  | 387 gold pieces
 23277 | Orc:2    | Reached skill level 5 in Air Magic
 23736 | Orc:2    | Found Ajotoipp's Book Shoppe.
 23736 | Orc:2    | Found Monexacko's Weapon Boutique.
 23737 | Orc:2    | Found Joxuulif's Jewellery Shop.
 23737 | Orc:2    | Found Xumu's Weapon Shoppe.
 23745 | Orc:2    | Bought the +3 Elemental Staff {rElec rF++ rC++ AC+5} for
                  | 951 gold pieces
 23745 | Orc:2    | Found the +3 Elemental Staff {rElec rF++ rC++ AC+5}
 24060 | D:12     | Offered knowledge of Irradiate by Vehumet.
 24332 | D:12     | Found Aceumiro's Elemental Accessories.
 24498 | D:12     | Reached skill level 1 in Staves
 24578 | D:12     | Found a transporter.
 24590 | D:12     | Found a transporter.
 24591 | D:12     | Noticed Chaicat's ghost (journeyman MiBe)
 24673 | D:12     | Reached skill level 1 in Evocations
 25317 | D:13     | Reached skill level 16 in Fire Magic
 25341 | D:13     | Reached skill level 10 in Conjurations
 25433 | D:13     | Reached XP level 15. HP: 132/132 MP: 18/29
 25589 | D:13     | Acquired 1178 gold pieces
 26675 | D:14     | Found Necsozih's Distillery.
 26683 | D:14     | Bought a potion of magic for 128 gold pieces
 26683 | D:14     | Bought a potion of curing for 48 gold pieces
 26683 | D:14     | Bought a potion of curing for 48 gold pieces
 26683 | D:14     | Bought a potion of cancellation for 128 gold pieces
 26722 | D:14     | Found a gate to the Vaults.
 26901 | D:15     | Entered Level 15 of the Dungeon
 27485 | D:15     | Reached skill level 5 in Staves
 27485 | D:15     | Reached skill level 5 in Evocations
 27509 | D:15     | Found a staircase to the Depths.
 27702 | D:15     | Offered knowledge of Orb of Destruction by Vehumet.
 27835 | D:15     | Learned a level 7 spell: Orb of Destruction
 28480 | Swamp:1  | Entered Level 1 of the Swamp
 29889 | Swamp:2  | Learned a level 1 spell: Apportation
 30024 | Swamp:2  | Reached XP level 16. HP: 139/139 MP: 11/31
 30155 | Swamp:2  | Reached skill level 10 in Staves
 30547 | Swamp:2  | Noticed Kirke
 30550 | Swamp:2  | Killed Kirke
 30877 | Swamp:2  | Found a sacrificial altar of Ru.
 30983 | Swamp:3  | Noticed Louise
 30986 | Swamp:3  | Killed Louise
 31955 | Swamp:3  | Noticed a thorn hunter
 31957 | Swamp:3  | Killed a thorn hunter
 31958 | Swamp:3  | Noticed a tentacled monstrosity
 32636 | Swamp:3  | Noticed a thorn hunter
 32639 | Swamp:3  | Killed a thorn hunter
 32640 | Swamp:3  | Reached skill level 17 in Fire Magic
 32670 | Swamp:3  | Identified the +7 spear "Geuseargh" {flame, +Blink rF+
                  | Dex+3}
 32872 | Swamp:3  | Noticed a tentacled monstrosity
 32878 | Swamp:3  | Killed a tentacled monstrosity
 32878 | Swamp:3  | Offered knowledge of Ozocubu's Refrigeration by Vehumet.
 32965 | Swamp:3  | Noticed a thorn hunter
 32967 | Swamp:3  | Killed a thorn hunter
 33255 | Swamp:3  | Killed a tentacled monstrosity
 33886 | Swamp:4  | Entered Level 4 of the Swamp
 34520 | Swamp:4  | Reached XP level 17. HP: 136/148 MP: 12/32
 35039 | Swamp:4  | Reached skill level 18 in Fire Magic
 35956 | Swamp:4  | Got a decaying rune of Zot
 35969 | Swamp:4  | Reached ****** piety under Vehumet
 36181 | Snake:1  | Entered Level 1 of the Snake Pit
 36643 | Snake:1  | Found a glowing silver altar of Zin.
 36672 | Snake:1  | Identified the +3 war axe of Attainder {flame, *Rage rPois
                  | rCorr SInv}
 36774 | Snake:1  | Offered knowledge of Conjure Ball Lightning by Vehumet.
 37424 | Snake:1  | Found a runed translucent gate.
 37424 | Snake:1  | Found an opulent altar of Gozag.
 37424 | Snake:1  | Found a runed translucent gate.
 37424 | Snake:1  | Found Fuob's Assorted Antiques.
 37425 | Snake:1  | Found a runed translucent gate.
 37427 | Snake:1  | Noticed Guoplah's ghost (adept HOFi)
 37428 | Snake:1  | Found Fafecag's Assorted Antiques.
 37438 | Snake:1  | Killed Guoplah's ghost
 37776 | Snake:1  | Bought a potion of heal wounds for 160 gold pieces
 37781 | Snake:1  | Bought a scroll of immolation for 128 gold pieces
 37781 | Snake:1  | Bought a scroll of immolation for 128 gold pieces
 37901 | Snake:1  | Identified the +0 pair of gloves of the Red Skies {Int+2}
 38017 | Snake:2  | Reached skill level 19 in Fire Magic
 39372 | Snake:2  | Learned a level 2 spell: Sublimation of Blood
 39451 | Snake:3  | Found Qyrit's Antique Armour Shop.
 39454 | Snake:3  | Found Osalor's Assorted Antiques.
 39454 | Snake:3  | Found Ifoxux's Antique Armour Shop.
 39459 | Snake:3  | Found Pulymoem's Book Boutique.
 39462 | Snake:3  | Bought a scroll of immolation for 148 gold pieces
 39465 | Snake:3  | Bought a book of Air for 264 gold pieces
 39469 | Snake:3  | Learned a level 3 spell: Swiftness
 39475 | Snake:3  | Bought a pair of faintly glowing boots for 237 gold pieces
 39475 | Snake:3  | Identified the -2 pair of boots of Hospitality {Contam
                  | Rampage rCorr} (You bought it in a shop on level 3 of the
                  | Snake Pit)
 39601 | Snake:3  | Offered knowledge of Ignition by Vehumet.
 39602 | Snake:3  | Reached XP level 18. HP: 159/159 MP: 26/34
 39617 | Snake:3  | Noticed Asterion
 39634 | Snake:3  | HP: 5/159 [Executioner[Asterion] (3)]
 39976 | Snake:3  | Killed Asterion
 40426 | Snake:3  | Noticed Nikola
 40432 | Snake:3  | Killed Nikola
 40868 | Snake:3  | Found an ancient bone altar of Kikubaaqudgha.
 41594 | Snake:4  | Entered Level 4 of the Snake Pit
 42227 | Snake:3  | Learned a level 8 spell: Ignition
 42297 | Snake:4  | Found Lojuaf's Magic Scroll Boutique.
 42314 | Snake:4  | Noticed Aizul
 42318 | Snake:4  | Killed Aizul
 42589 | Snake:4  | Bought a scroll of magic mapping for 90 gold pieces
 42589 | Snake:4  | Bought a scroll of teleportation for 36 gold pieces
 42589 | Snake:4  | Bought a scroll of fog for 48 gold pieces
 42696 | Snake:4  | Noticed Saint Roka
 42700 | Snake:4  | Killed Saint Roka
 43080 | Snake:4  | Reached skill level 1 in Necromancy
 43181 | Snake:4  | Identified the +9 dagger of Precise Incision {flame, Dex+2}
 43482 | Snake:4  | Offered knowledge of Fire Storm by Vehumet.
 43482 | Snake:4  | Offered knowledge of Shatter by Vehumet.
 43482 | Snake:4  | Offered knowledge of Chain Lightning by Vehumet.
 43663 | Snake:4  | Reached skill level 5 in Necromancy
 43827 | Snake:4  | Noticed Vashnia
 43850 | Snake:4  | Killed Vashnia
 43851 | Snake:4  | Reached XP level 19. HP: 51/166 MP: 12/37
 44284 | Snake:4  | Noticed Donald
 44291 | Snake:4  | Killed Donald
 44373 | Snake:4  | Got a serpentine rune of Zot
 44800 | Elf:1    | Entered Level 1 of the Elven Halls
 44810 | Elf:1    | Paralysed by an air elemental for 1 turns
 44815 | Elf:1    | Noticed Jorgrun
 44966 | Elf:1    | Killed Jorgrun
 45199 | Elf:1    | Found Jyugoet's Assorted Antiques.
 45202 | Elf:1    | Bought a scroll of immolation for 108 gold pieces
 45328 | Elf:1    | Got the Grimoire of Entranced Incineration
 45534 | Elf:1    | Reached skill level 10 in Necromancy
 46274 | Elf:1    | Got the Spellbook of Bringing Forth
 46802 | Elf:2    | Reached skill level 20 in Fire Magic
 46867 | Elf:2    | Found Hott's Armour Shoppe.
 47396 | Elf:2    | Found Vimabairch's General Store.
 47558 | Elf:2    | Bought a potion of magic for 152 gold pieces
 47558 | Elf:2    | Bought a potion of curing for 57 gold pieces
 47558 | Elf:2    | Bought a scroll of immolation for 76 gold pieces
 47569 | Elf:2    | Found a shimmering blue altar of Sif Muna.
 47784 | Elf:2    | Found a runed translucent gate.
 47785 | Elf:2    | Found a runed translucent gate.
 47785 | Elf:2    | Found a runed translucent gate.
 47934 | Elf:3    | Entered Level 3 of the Elven Halls
 48216 | Elf:3    | Reached skill level 15 in Spellcasting
 48493 | Elf:3    | Noticed Mara
 48520 | Elf:3    | Noticed jasper's illusion
 48527 | Elf:3    | Noticed jasper's illusion
 48767 | Elf:3    | Found Votoohie's Book Boutique.
 48925 | Elf:3    | Reached XP level 20. HP: 44/176 MP: 20/39
 49298 | Elf:3    | Identified the ring "Leaz Radye" {rF+ Will+}
 49301 | Elf:3    | Identified the +6 falchion of Ointment {antimagic, rC+}
 49301 | Elf:3    | Identified the +10 battleaxe of Blind Justice {heavy,
                  | Dex+3}
 49306 | Elf:3    | Reached skill level 21 in Fire Magic
 49397 | Elf:3    | Identified the +3 spear "Foupaqa" {freeze, rC+ rN+}
 49477 | Elf:3    | Identified the +2 cloak "Zytod" {-Tele Will+ Str-5 Int+8}
 49670 | Elf:3    | Identified the +3 shortbow of Broken Luck {heavy, rPois
                  | Str+5}
 50164 | Vaults:1 | Entered Level 1 of the Vaults
 50396 | Vaults:1 | Found the +2 Maxwell's thermic engine {flame, freeze, rev}
 50583 | Vaults:1 | Reached skill level 15 in Fighting
 50898 | Vaults:1 | Identified the scarf of the Stonemason {shadows, -Tele rF+
                  | SInv}
 50902 | Vaults:1 | Found Ynecvij's Jewellery Shoppe.
 50910 | Vaults:1 | Bought the ring "Niup" {rPois Int+6 SInv} for 438 gold
                  | pieces
 51475 | Vaults:1 | Learned a level 9 spell: Fire Storm
 52715 | Vaults:2 | Reached skill level 22 in Fire Magic
 53667 | Vaults:2 | Reached XP level 21. HP: 175/185 MP: 2/40
 54619 | Vaults:3 | Found a staircase to the Crypt.
 54619 | Vaults:3 | Found a basalt altar of Yredelemnul.
 54619 | Vaults:3 | Found an ancient bone altar of Kikubaaqudgha.
 56275 | Vaults:4 | Reached skill level 23 in Fire Magic
 56612 | Vaults:4 | Identified the amulet "Feusm" {Rampage Drain rC+ rN+
                  | Regen+}
 57126 | Vaults:4 | Acquired 790 gold pieces
 57144 | Vaults:4 | Noticed Sojobo
 57150 | Vaults:4 | Killed Sojobo
 57905 | Vaults:5 | Entered Level 5 of the Vaults
 57907 | Vaults:5 | Reached XP level 22. HP: 198/198 MP: 42/42
 57946 | Vaults:5 | Noticed a dread lich
 57950 | Vaults:5 | Reached skill level 24 in Fire Magic
 58088 | Vaults:4 | Killed a dread lich
 58183 | Vaults:5 | Noticed Margery
 58188 | Vaults:5 | Killed Margery
 58212 | Vaults:4 | Reached skill level 15 in Conjurations
 58690 | Vaults:5 | Noticed Mennas
 59299 | Vaults:5 | Killed Mennas
 59517 | Vaults:5 | Noticed a dread lich
 59870 | Vaults:5 | Identified the +6 rapier of Massacring {spect, Dex+5}
 60478 | Vaults:5 | Identified the staff of conjuration "Ciek" {rN+ Will- Str+3
                  | SInv}
 60504 | Vaults:5 | Found the +2 hood of the Assassin {Detect Stab+ Stlth++}
 60552 | Vaults:5 | Identified the staff of cold "Coudes" {rElec rPois rC+
                  | Int+2}
 60809 | Vaults:5 | Found Acwa's Antique Armour Shoppe.
 60813 | Vaults:5 | Identified the staff of earth "Uneami" {Str+3 Dex+2}
 60815 | Vaults:5 | Bought the +3 pair of mountain boots {steadfast, rC+} for
                  | 971 gold pieces
 60815 | Vaults:5 | Found the +3 pair of mountain boots {steadfast, rC+}
 60838 | Vaults:5 | Identified the staff of poison "Feyc Sep" {rPois rN+ Will-
                  | Int+6 Dex-4}
 60879 | Vaults:5 | Reached skill level 25 in Fire Magic
 61155 | Vaults:5 | Identified the quicksilver dragon scales "Cuish" {Will+
                  | Str+3 Dex+5}
 61565 | Vaults:5 | Got a silver rune of Zot
 61877 | Slime:1  | Entered Level 1 of the Pits of Slime
 61890 | Slime:1  | Reached skill level 15 in Dodging
 61960 | Slime:1  | Reached XP level 23. HP: 206/206 MP: 27/44
 62421 | Slime:3  | Gained mutation: Your spells are a little easier to cast,
                  | but a little less powerful. [a shining eye]
 62737 | Slime:5  | Entered Level 5 of the Pits of Slime
 63022 | Slime:5  | Noticed the Royal Jelly
 63028 | Slime:5  | Killed the Royal Jelly
 63420 | Slime:5  | Gained mutation: Your spells are easier to cast, but less
                  | powerful. [a shining eye]
 63529 | Slime:5  | Got a slimy rune of Zot
 63531 | Slime:5  | Got Sif Muna's Omnibus of Icy Correspondence
 63565 | Slime:5  | Identified the ring "Korhim" {rElec rF+ SInv}
 63569 | Slime:5  | Got Nyboz's Tome of Outbursts
 63598 | Slime:5  | Got the Spellbook of Jinxing
 63610 | Slime:5  | Identified the +1 dire flail "Duitetuf" {flame, Str+2
                  | Dex+2}
 63634 | Slime:5  | Identified the ring of Opnei {rC+ Int+2}
 63654 | Slime:5  | Identified the +1 leather armour of Courruri {rC+ Dex+2}
 63919 | Depths:1 | Entered Level 1 of the Depths
 64369 | Depths:1 | Found an iron altar of Okawaru.
 64756 | Depths:1 | Found a sparkling altar of Nemelex Xobeh.
 65141 | Depths:1 | Found a shimmering altar of Xom.
 65246 | Depths:1 | Found a gateway to Hell.
 65707 | Depths:2 | Identified the +1 falchion "Tormentor" {heavy, rElec Dex-4
                  | SInv}
 65726 | Depths:2 | Found a runed translucent gate.
 65726 | Depths:2 | Found a runed translucent gate.
 65726 | Depths:2 | Noticed Rofut's ghost (adept AtIE)
 65727 | Depths:2 | Found a runed translucent gate.
 65727 | Depths:2 | Noticed a caustic shrike
 65746 | Depths:2 | Reached skill level 26 in Fire Magic
 66003 | Depths:2 | Noticed a juggernaut
 66013 | Depths:2 | Killed a juggernaut
 66163 | Depths:2 | Found a one-way gate leading to the halls of Pandemonium.
 66921 | Depths:2 | Got the Directory of Sciomancy
 66929 | Depths:2 | Learned a level 6 spell: Statue Form
 67044 | Depths:2 | Reached XP level 24. HP: 211/213 MP: 27/44
 67165 | Depths:2 | Found Xuapriuh's Book Boutique.
 67165 | Depths:2 | Found Coniynem's Jewellery Shoppe.
 67166 | Depths:2 | Found Qoasch's Jewellery Shoppe.
 68266 | Depths:3 | Noticed a shard shrike
 68266 | Depths:3 | Noticed a shard shrike
 68268 | Depths:3 | Noticed a shard shrike
 68273 | Depths:2 | Killed a shard shrike
 68386 | Depths:3 | Killed a shard shrike
 68388 | Depths:3 | Killed a shard shrike
 69145 | Depths:4 | Entered Level 4 of the Depths
 69564 | Depths:4 | Reached skill level 27 in Fire Magic
 69645 | Depths:4 | Reached skill level 1 in Earth Magic
 70003 | Depths:4 | Found a gate to the Realm of Zot.
 70048 | Depths:4 | Identified the +1 pair of gloves of Weightlessness {Will+
                  | Regen+ Int+3}
 70120 | Depths:4 | Noticed Jory
 70127 | Depths:4 | Killed Jory
 70430 | Depths:4 | Found a one-way gateway to a ziggurat.
 70436 | Depths:4 | Reached skill level 5 in Transmutations
 70448 | Depths:4 | Reached skill level 5 in Earth Magic
 70797 | Depths:4 | Found a hazy altar of Hepliaklqana.
 70827 | Zot:1    | Entered Level 1 of the Realm of Zot
 71289 | Zot:1    | Reached XP level 25. HP: 211/227 MP: 45/45
 71730 | Zot:1    | Identified the amulet "Alecun" {Faith Int+3 Stlth+}
 72131 | Zot:2    | Noticed an orb of fire
 72530 | Zot:2    | Killed an orb of fire
 73246 | Orc:2    | Bought a ring of fire for 450 gold pieces
 73711 | Zot:2    | Noticed a dread lich
 73714 | Zot:2    | Killed a dread lich
 73863 | Zot:2    | Noticed a dread lich
 73865 | Zot:2    | Killed a dread lich
 73867 | Zot:2    | Noticed a dread lich
 73869 | Zot:2    | Killed a dread lich
 73894 | Zot:2    | Noticed a dread lich
 73895 | Zot:2    | Killed a dread lich
 74275 | Zot:2    | Found a runed translucent door.
 74299 | Zot:2    | Noticed cforsyth's ghost (legendary FoFi)
 75384 | Zot:3    | Found the +4 dragonskin cloak
 75384 | Zot:3    | Noticed Tiamat
 75390 | Zot:3    | Killed Tiamat
 75407 | Zot:3    | Reached XP level 26. HP: 221/239 MP: 24/45
 75517 | Zot:3    | Identified the +8 chain mail "Coumak" {*Corrode rPois Str+6
                  | Dex+4}
 76076 | Zot:4    | Acquired the Incunabulum of the Lumpy Lovers
 76084 | Zot:4    | Learned a level 5 spell: Borgnjor's Vile Clutch
 76878 | Zot:5    | Entered Level 5 of the Realm of Zot
 77452 | Zot:5    | Noticed a dread lich
 77454 | Zot:5    | Killed a dread lich
 78043 | Zot:5    | Noticed an orb of fire
 78049 | Zot:5    | Killed an orb of fire
 78146 | Zot:5    | Noticed an ancient lich
 78149 | Zot:5    | Killed an ancient lich
 78547 | Zot:5    | Noticed a dread lich
 78548 | Zot:5    | Killed a dread lich
 79055 | Zot:5    | Noticed an orb of fire
 79059 | Zot:5    | Killed an orb of fire
 79159 | Zot:5    | Noticed an orb of fire
 79169 | Zot:5    | Gained mutation: Your system is resistant to poisons.
                  | (rPois) [an orb of fire]
 79171 | Zot:5    | Killed an orb of fire
 79255 | Zot:5    | Noticed an orb of fire
 79268 | Zot:5    | Gained mutation: You are dopey. (Int -2) [an orb of fire]
 79272 | Zot:5    | Gained mutation: You are very dopey. (Int -4) [an orb of
                  | fire]
 79484 | Zot:5    | Killed an orb of fire
 79524 | Zot:5    | Noticed an orb of fire
 79528 | Zot:5    | Gained mutation: You are weak. (Str -2) [an orb of fire]
 79739 | Zot:5    | Gained mutation: You occasionally lose the ability to read
                  | scrolls when taking damage. [an orb of fire]
 79743 | Zot:5    | Killed an orb of fire
 79881 | Zot:5    | Noticed a dread lich
 79883 | Zot:5    | Killed a dread lich
 79885 | Zot:5    | Noticed an orb of fire
 79896 | Zot:5    | Gained mutation: You sometimes lose your temper in combat.
                  | [an orb of fire]
 79898 | Zot:5    | Killed an orb of fire
 80145 | Zot:5    | Noticed an ancient lich
 80148 | Zot:5    | Killed an ancient lich
 80694 | Zot:5    | Noticed an orb of fire
 80698 | Zot:5    | Killed an orb of fire
 81055 | Zot:5    | Got the Orb of Zot
 81063 | Zot:5    | Noticed Yghish the pandemonium lord
 81066 | Zot:5    | Killed Yghish the pandemonium lord
 81237 | Zot:1    | Reached XP level 27. HP: 188/250 MP: 6/46
 81245 | Zot:1    | Noticed Qosuygru the pandemonium lord
 81259 | Zot:1    | Lost mutation: Your system is resistant to poisons. (rPois)
                  | [potion of mutation]
 81259 | Zot:1    | Lost mutation: You sometimes lose your temper in combat.
                  | [potion of mutation]
 81260 | Zot:1    | Lost mutation: You are very dopey. (Int -4) [potion of
                  | mutation]
 81260 | Zot:1    | Lost mutation: You are dopey. (Int -2) [potion of mutation]
 81260 | Zot:1    | Lost mutation: Your spells are easier to cast, but less
                  | powerful. [potion of mutation]
 81260 | Zot:1    | Gained mutation: Potions are less effective at restoring
                  | your health. [potion of mutation]
 81261 | Zot:1    | Lost mutation: Your spells are a little easier to cast, but
                  | a little less powerful. [potion of mutation]
 81261 | Zot:1    | Lost mutation: You occasionally lose the ability to read
                  | scrolls when taking damage. [potion of mutation]
 81261 | Zot:1    | Lost mutation: You are weak. (Str -2) [potion of mutation]
 81261 | Zot:1    | Gained mutation: You have supernaturally acute eyesight.
                  | (SInv) [potion of mutation]
 81261 | Zot:1    | Gained mutation: You occasionally shout uncontrollably at
                  | your foes. [potion of mutation]
 81261 | Zot:1    | Lost mutation: You occasionally shout uncontrollably at
                  | your foes. [potion of mutation]
 81262 | Zot:1    | HP: 12/250 [???[Qosuygru] (8)]
 81265 | Zot:1    | Lost mutation: Potions are less effective at restoring your
                  | health. [potion of mutation]
 81265 | Zot:1    | Lost mutation: You have supernaturally acute eyesight.
                  | (SInv) [potion of mutation]
 81265 | Zot:1    | Gained mutation: You have a pair of small antennae on your
                  | head. [potion of mutation]
 81265 | Zot:1    | Gained mutation: You are weak. (Str -2) [potion of
                  | mutation]
 81265 | Zot:1    | Gained mutation: Your spells are a little harder to cast,
                  | but a little more powerful. [potion of mutation]
 81269 | Zot:1    | Killed Qosuygru the pandemonium lord
 81272 | Zot:1    | HP: 11/250 [sun demon[a balrug] (3)]
 81272 | Zot:1    | HP: 3/250 [balrug/bolt of fire (8)]
 81282 | Zot:1    | HP: 5/250 [balrug/divine providence (10)]
 81310 | Zot:1    | Noticed Ucism the pandemonium lord
 81423 | Depths:1 | Noticed Icyti the pandemonium lord
 81462 | D:14     | Noticed Zaaffin the pandemonium lord
 81724 | D:$      | Escaped with the Orb!

Illustrated notes

Levels and vault maps discovered:
D:1:      lightli_arrival_isolated_outpost, layout_basic, grunt_decor_fettered
D:2:      layout_basic, basic_altar, minmay_tripent, uniq_terence, uniq_robin
D:3:      due_chaos_kobolds, layout_rooms, riverfiend_overflow_shadow_ancestor,
          general_overflow_altar, portal_sewer_entry_b,
          hellmonk_ecumenical_altar_zigzags
D:4:      layout_basic, grunt_temple_overflow_forces_of_nature,
          marbit_many_paths, gammafunk_ghost_arena, uniq_ijyb, uniq_duvessa
D:5:      layout_rooms, uniq_grinder
D:6:      layout_basic
D:7:      layout_basic, grunt_temple_overflow_open,
          minmay_temple_entry_offerings
D:8:      layout_gridville, minmay_misc_feat_encased, uniq_gastronok
D:9:      layout_loops_ring, minmay_overflow_temple_star_quad,
          eat_drink_and_be_merry_uskayaw, hiddenorc1_lemuel, serial_shops,
          kennysheep_mini_moat
D:10:     layout_long_grid, due_lair_maze_entry_diamond
D:11:     layout_roguey, uniq_sonja, uniq_lodul
D:12:     layout_loops_ring, gammafunk_ghost_hive, nicolae_elemental_shop
D:13:     minmay_wizard_corner, layout_long_grid, bloody_trog
D:14:     layout_long_grid, erik_vaults_2, serial_shops, nicolae_diamond_shop
D:15:     gammafunk_depths_entry_grave, layout_irregular_city,
          serial_bayou_ford_a, drop_trap
Temple:   hellmonk_temple_beads
Lair:1:   layout_cave_pods
Lair:2:   layout_gridlike, infiniplex_staircase_pool_2
Lair:3:   layout_cave_pods, swamp_mist, minmay_snake_entry_guardpost_small,
          special_room [special_room_bee], nicolae_quartered_pool_impasse,
          grunt_megastairs_2
Lair:4:   gammafunk_worm_tunnel, layout_misc_corridors, slime_entry_1,
          nicolae_volcano_entry_hallway, pdpol_lair_cavern_descent
Lair:5:   guppyfry_lair_end_dragon, layout_cave_pods, hangedman_lair_in_review,
          grunt_megastairs_4
Swamp:1:  layout_basic_swamp, nicolae_swamp_big_swirl
Swamp:2:  layout_basic_swamp, nicolae_swamp_godswood, uniq_kirke
Swamp:3:  nzn_winding_woodlands_medium [nzn_winding_woodlands_5x5_open_star,
          nzn_winding_woodlands_5x15_concentric,
          nzn_winding_woodlands_5x5_cross,
          nzn_winding_woodlands_5x5_closed_star,
          nzn_winding_woodlands_center_pierced_h,
          nzn_winding_woodlands_5x5_default, nzn_winding_woodlands_5x5_three,
          nzn_winding_woodlands_5x15_eye,
          nzn_winding_woodlands_5x5_checkerboard], layout_falls_marsh,
          nicolae_swamp_fairy_circle, swamp_pool4, nicolae_swamp_super_fun_site,
          uniq_louise
Swamp:4:  swamp_basic_johnstein, layout_basic_swamp, swamp_pool5
Snake:1:  minmay_snake_river, layout_rooms, basic_altar, ebering_ghost_gozag,
          drop_trap
Snake:2:  layout_honeycomb, nicolae_snake_salamander_jacuzzi
Snake:3:  layout_grid_maze, basic_altar, nicolae_large_snake_swirl,
          minmay_shoptagon, uniq_nikola, uniq_asterion
Snake:4:  snake_pit, layout_cave_town, serial_shops, shop,
          guppyfry_snake_island, uniq_donald, uniq_saint_roka, uniq_vashnia,
          uniq_aizul
Slime:1:  layout_caves, nicolae_slime_phagocytosis
Slime:2:  layout_caves
Slime:3:  layout_caves
Slime:4:  layout_caves
Slime:5
Orc:1:    layout_caves, serial_shops, shop, david_defended_altar_orc
Orc:2:    st_orc_ogre_mass, layout_diamond_mine, serial_shops, shop
Elf:1:    minmay_elf_arrival_plus, layout_onion_city, serial_shops,
          nicolae_shop_hallway_stairs, minmay_elf_demonology, minivault_8,
          uniq_jorgrun
Elf:2:    nicolae_elf_blades_crystal_corner, layout_gridlike, serial_shops,
          shop, shop, basic_altar
Elf:3:    minmay_elf_hall_dome, layout_gridlike, serial_shops,
          nicolae_shop_stone, minmay_misc_feat_diagonals, corexii_checkpoint_b,
          uniq_mara
Vaults:1: nicolae_vaults_network_s, vaults_room_grunt_arrival_ludios, v_rooms_4,
          ontoclasm_vaults_tryst, vaults_dpeg_encased_lava, vaults_room_corners,
          hangedman_vaults_river_flow, grunt_vaults_twisty, v_misc_16,
          grunt_vaults_focal, vaults_dpeg_diagonal, vaults_room_pools,
          layout_vaults_omnibox, serial_shops, nicolae_shop_statue_plus
Vaults:2: nicolae_vaults_what_the_h, vaults_mumra_chevron_long,
          nicolae_vaults_network_periphery, nicolae_vaults_rhombus_7,
          nicolae_vaults_asterisk, v_alt_pattern_6, ontoclasm_vaults_fault,
          layout_vaults_quadrants
Vaults:3: minmay_crypt_entry_necro_gods, hangedman_vaults_slice,
          v_alt_pattern_3, v_misc_18, nicolae_vaults_little_ls,
          vaults_dpeg_cross, nicolae_vaults_specimen_jars,
          hangedman_vaults_trim, dpeg_vaults_monster_box, grunt_vaults_diagonal,
          vaults_room_pools, layout_vaults_omnicross
Vaults:4: ontoclasm_vaults_ligature, st_cross, nicolae_vaults_mini_display_case,
          v_misc_9, ontoclasm_vaults_pinch, nicolae_vaults_three_branches,
          v_misc_1, hangedman_vaults_locks, v_alt_pattern_4, v_pattern_3,
          v_misc_13, hangedman_vaults_stretched_pinwheel, v_misc_23,
          vaults_room_semicircle, nicolae_vaults_little_squares_2,
          layout_vaults_maze_snakey, uniq_sojobo
Vaults:5: uniq_margery, uniq_mennas
Depths:1: layout_cave_pools, nemelex_diamond_rough_becter,
          pf_hell_entry_tar_spiral, kennysheep_diamond, eino_tiny_chamber,
          xom_confusion_cloud
Depths:2: minmay_the_grid_octo_tiled_octocenter_mashed
          [minmay_the_grid_octo_pinwheel, minmay_the_grid_octo_fat_diamond,
          minmay_the_grid_octo_concentric, minmay_the_grid_octo_fan_narrow,
          minmay_the_grid_octo_prize_big_c,
          minmay_the_grid_square_5x5_pentomino_r,
          minmay_the_grid_square_5x5_two_small,
          minmay_the_grid_square_5x5_inset,
          minmay_the_grid_square_5x5_spiral_small], layout_basic,
          gammafunk_ghost_split, grunt_pan_entry_sceptre, hell_entry,
          grunt_decor_cap, minmay_shop_grove
Depths:3: minmay_coctagon, layout_basic, hell_entry, minmay_staircase_statues,
          hangedman_abyss_entry_splay
Depths:4: grunt_x_marks_the_spot, layout_gridville, enter_ziggurat_b,
          hell_entry, lemuel_tele_altar, abyss_entry, uniq_jory
Zot:1:    layout_basic
Zot:2:    hellmonk_paralyzer, layout_cathedral_of_symmetry,
          ebering_ghost_reflecting_pool, grunt_megastairs_3
Zot:3:    layout_basic, uniq_tiamat
Zot:4:    layout_twisted_circle
Zot:5:    layout_gridlike

Skill      XL: |  1  2  3  4  5  6  7  8  9 10 11 12 13 14 15 16 17 18 19 20 21 22 23 24 25 26 27 |
---------------+----------------------------------------------------------------------------------+-----
Dodging        | 2 3 4 5 6 7 8 9 10 11 12 13 14 15 16 17 18 | 18.2
Fighting       | 1 2 3 5 6 7 9 10 11 12 13 14 15 16 17 18 19 20 21 | 21.4
Air Magic      | 1 2 3 5 6 |  6.0
Conjurations   | 1 2 3 4 6 7 9 10 11 12 13 14 15 16 17 18 20 21 | 21.0
Poison Magic   | 4 5 6 |  6.0
Shields        | 1 2 4 |  4.0
Translocations | 1 2 |  2.0
Spellcasting   | 3 5 6 7 8 9 10 11 12 14 15 16 17 18 19 | 19.9
Fire Magic     | 4 8 10 12 14 16 17 19 20 22 23 25 26 27 | 27.0
Staves         | 1 9 12 | 12.0
Evocations     | 1 6 |  6.0
Necromancy     | 7 10 | 10.0
Earth Magic    | 7 |  7.9
Transmutations | 8 |  8.0
Stealth        | |  1.7

Action                     |  1- 3 |  4- 6 |  7- 9 | 10-12 | 13-15 | 16-18 | 19-21 | 22-24 | 25-27 || total
---------------------------+-------+-------+-------+-------+-------+-------+-------+-------+-------++-------
  Melee: Unarmed           |     6 |     4 |       |       |       |       |       |       |       ||    10
         Club              |    53 |       |       |       |       |       |       |       |       ||    53
         Tailslap          |     8 |    11 |    20 |    25 |     9 |    26 |    16 |    27 |    14 ||   156
         Trident           |       |    90 |    89 |       |       |       |       |       |       ||   179
         Staff             |       |       |    48 |   135 |    44 |   116 |    54 |    81 |    72 ||   550
   Cast: Sting             |    42 |    98 |     6 |     3 |       |       |       |       |       ||   149
         Poisonous Vapours |    12 |    22 |    15 |     7 |       |       |       |       |       ||    56
         Olgreb's Toxic Ra |       |       |    48 |   130 |   154 |    17 |     7 |     2 |       ||   358
         Fireball          |       |       |       |    18 |   177 |   424 |   430 |   275 |     6 ||  1330
         Blink             |       |       |       |     1 |     3 |     3 |     2 |     4 |     6 ||    19
         Mephitic Cloud    |       |       |       |     1 |       |     5 |     1 |     1 |       ||     8
         Cigotuvi's Dreadf |       |       |       |     1 |       |       |       |       |       ||     1
         Ignite Poison     |       |       |       |    27 |   108 |     1 |       |       |       ||   136
         Iskenderun's Myst |       |       |       |     3 |     8 |    10 |       |       |       ||    21
         Plasma Beam       |       |       |       |       |    15 |    51 |    10 |       |       ||    76
         Apportation       |       |       |       |       |     1 |       |       |       |       ||     1
         Orb of Destructio |       |       |       |       |       |    22 |    49 |    26 |     3 ||   100
         Sublimation of Bl |       |       |       |       |       |    10 |    46 |   131 |   126 ||   313
         Ignition          |       |       |       |       |       |     5 |    70 |   120 |    19 ||   214
         Swiftness         |       |       |       |       |       |       |     1 |     1 |     1 ||     3
         Fire Storm        |       |       |       |       |       |       |     1 |   175 |   296 ||   472
         Statue Form       |       |       |       |       |       |       |       |     1 |     2 ||     3
Ability: Breathe Fire      |       |       |    12 |    19 |     6 |     5 |       |     1 |       ||    43
  Evoke: Wand              |       |     3 |     4 |       |     1 |     4 |     3 |       |     2 ||    17
         Condenser vane    |       |       |       |       |       |       |       |     1 |     2 ||     3
    Use: Potion            |       |     3 |       |       |     4 |     2 |       |     1 |    25 ||    35
         Scroll            |       |     8 |    12 |    11 |     3 |     7 |     5 |     4 |    10 ||    60
   Stab: Petrified         |       |       |       |       |     3 |       |       |       |       ||     3
         Confused          |       |       |       |       |       |     1 |       |     1 |       ||     2
 Armour: Skin              |    33 |    54 |    38 |    87 |    25 |    79 |    33 |    94 |    98 ||   541
  Dodge: Dodged            |    46 |    88 |    79 |   137 |    86 |   152 |    95 |   155 |   139 ||   977
  Block: Other             |       |     3 |       |       |       |       |       |       |       ||     3
         Buckler           |       |    66 |    85 |   167 |    39 |    58 |    45 |    52 |    42 ||   554
         Reflection        |       |       |     4 |    10 |       |       |       |       |       ||    14

Table legend: (Time is in decaauts)
 A = Elapsed time spent in this place.
 B = Non-inter-level travel time spent in this place.
 C = Inter-level travel time spent in this place.
 D = Time resting spent in this place.
 E = Time spent auto-exploring this place.
 F = Levels seen in this place.
 G = Mean time per level.
                   A        B        C        D        E       F      G
               +--------+--------+--------+--------+--------+-----+--------+
         Total |  81993 |  76925 |   5068 |  17671 |  49172 |  54 | 1518.4 |
       Dungeon |  19875 |  18369 |   1506 |   1923 |  13550 |  15 | 1325.0 |
        Temple |     71 |     38 |     33 |      0 |     27 |   1 |   71.0 |
          Lair |   8132 |   7494 |    638 |   1124 |   5468 |   5 | 1626.4 |
         Swamp |   7288 |   6985 |    303 |   3899 |   2489 |   4 | 1822.0 |
     Snake Pit |   8359 |   8088 |    271 |   1883 |   5286 |   4 | 2089.8 |
    Slime Pits |   1864 |   1771 |     93 |   1165 |    234 |   5 |  372.8 |
  Orcish Mines |   2544 |   2355 |    189 |    365 |   1615 |   2 | 1272.0 |
   Elven Halls |   4995 |   4739 |    256 |    634 |   3504 |   3 | 1665.0 |
        Vaults |  11541 |  11109 |    432 |   2463 |   7562 |   5 | 2308.2 |
        Depths |   7255 |   6663 |    592 |    887 |   4835 |   4 | 1813.8 |
           Zot |   9987 |   9236 |    751 |   3320 |   4569 |   5 | 1997.4 |
       Volcano |     78 |     78 |      0 |      8 |     31 |   1 |   78.0 |
               +--------+--------+--------+--------+--------+-----+--------+

Top non-repeatable levels by time:
 Swamp:3: 3811 daAuts
Vaults:4: 3574 daAuts
   Zot:5: 3521 daAuts
  Lair:5: 2718 daAuts
Depths:2: 2661 daAuts
 Snake:4: 2504 daAuts
Vaults:2: 2376 daAuts
 Snake:3: 2323 daAuts
  Lair:3: 2141 daAuts
Vaults:1: 2092 daAuts
   Elf:3: 2009 daAuts
   Zot:2: 1978 daAuts
   Zot:1: 1937 daAuts
Vaults:5: 1876 daAuts
     D:4: 1835 daAuts
